 Dungeon Crawl Stone Soup version 0.28.0-1-gb440e238dd (webtiles) character file.

Game seed: 3644563225355300403

221738 PBDoughboyy the Martial Artist (level 18, -9/142 HPs)
             Began as a Gnoll Transmuter on Feb 20, 2022.
             Was an Initiate of Gozag.
             Mangled by a vault warden (38 damage)
             ... on level 1 of the Vaults on Feb 21, 2022.
             The game lasted 07:45:28 (52010 turns).

PBDoughboyy the Martial Artist (Gnoll Transmuter)  Turns: 52010, Time: 07:45:30

Health: -9/142     AC:  9    Str:  9    XL:     18   Next: 73%
Magic:  5/35       EV: 23    Int: 28    God:    Gozag
Gold:   8737       SH:  7    Dex: 15    Spells: 3/44 levels left

rFire   + . .      SeeInvis +   i - +7 spear (venom)
rCold   . . .      Faith    .   R - +0 buckler
rNeg    . . .      Spirit   .   Q - +5 robe of Night {Dark Will+ SInv}
rPois   +          Reflect  .   K - +2 hat
rElec   .          Harm     .   O - +1 cloak of Starlight {*Dazzle EV+4 Stlth--}
rCorr   +          Rampage  .   h - +0 pair of gloves of Omission {Int+9}
Will    ++...                   r - +2 pair of boots
Stlth   +++.......              v - amulet of magic regeneration
HPRegen 0.33/turn               X - ring of Uhauhal {Fly rF+ rCorr}
MPRegen 0.64/turn               a - ring of poison resistance

@: about to teleport, marked, corroded, gold aura, flying, invisible
A: fangs 1, strong nose, distributed training
}: 2/15 runes: decaying, serpentine
a: Renounce Religion, Potion Petition, Call Merchant, Bribe Branch


You were on level 1 of the Vaults.
You worshipped Gozag.
Gozag was greatly pleased with you.
You visited 8 branches of the dungeon, and saw 34 of its levels.

You collected 12024 gold pieces.
You spent 2887 gold pieces at shops.
You paid 400 gold pieces to Gozag.

Inventory:

Hand Weapons
 c - the +7 dagger of Sacetuih {speed, rC+ Will++ SInv Stlth-}
   (You found it on level 6 of the Lair of Beasts)

   Attacks with this weapon are significantly faster.
   rC:        It protects you from cold.
   SInv:      It lets you see invisible.
   Will:      It greatly increases your willpower.
   Stlth:     It makes you less stealthy.
 i - a +7 spear of venom (weapon)
Missiles
 f - 47 poisoned darts
 w - 10 curare-tipped darts
 y - 17 boomerangs
 F - a throwing net (quivered)
 L - 9 atropa-tipped darts
Armour
 h - the +0 pair of gloves of Omission (worn) {Int+9}
   (You found it on level 2 of the Dungeon)

   Int:       It affects your intelligence (+9).
 r - a +2 pair of boots (worn)
 H - a +0 ring mail of fire resistance
 K - a +2 hat (worn)
 O - the +1 cloak of Starlight (worn) {*Dazzle EV+4 Stlth--}
   (You bought it in a shop on level 12 of the Dungeon)

   It may blind those who miss an attack against the wearer in melee combat.
   EV:        It affects your evasion (+4).
   Stlth:     It makes you much less stealthy.
 Q - the +5 robe of Night (worn) {Dark Will+ SInv}
   (You bought it in a shop on level 2 of the Orcish Mines)

   It shrouds the wearer in darkness, reducing the range at which they can see
   and be seen by others.
   SInv:      It lets you see invisible.
   Will:      It increases your willpower.
 R - a +0 buckler (worn)
Jewellery
 a - a ring of poison resistance (right hand)
 v - an amulet of magic regeneration (around neck)
 M - a ring of wizardry
 X - the ring of Uhauhal (left hand) {Fly rF+ rCorr}
   (You found it on level 4 of the Lair of Beasts)

   [ring of flight]

   rF:        It protects you from fire.
   Fly:       It grants you flight.
   rCorr:     It protects you from acid and corrosion.
Wands
 b - a wand of polymorph (16)
 d - a wand of digging (7)
 u - a wand of iceblast (28)
 x - a wand of acid (21)
 D - a wand of mindburst (4)
 E - a wand of flame (29)
 T - a wand of paralysis (22)
Scrolls
 e - 11 scrolls of teleportation
 g - 3 scrolls of amnesia
 j - a scroll of blinking
 l - a scroll of magic mapping
 q - 2 scrolls of summoning
 s - 9 scrolls of fog
 C - 7 scrolls of vulnerability
 U - 3 scrolls of holy word
 Y - 3 scrolls of fear
Potions
 k - 8 potions of curing
 m - a potion of cancellation
 n - 7 potions of brilliance
 p - 4 potions of attraction
 t - 2 potions of berserk rage
 z - a potion of resistance
 A - 2 potions of invisibility
 G - a potion of ambrosia
 I - a potion of magic
 J - 4 potions of lignification
 N - 5 potions of heal wounds
 W - a potion of haste
 Z - a potion of might
Miscellaneous
 o - a phantom mirror
 B - a lightning rod (4/4)
 P - a condenser vane
 S - a tin of tremorstones (2/2)
 V - a box of beasts


   Skills:
 + Level 12.8 Fighting
 + Level 12.6 Short Blades
 + Level 12.6 Long Blades
 + Level 12.6 Axes
 + Level 12.6 Maces & Flails
 + Level 12.6 Polearms
 + Level 12.6 Staves
 + Level 12.6 Slings
 + Level 12.6 Bows
 + Level 12.6 Crossbows
 + Level 12.6 Throwing
 + Level 12.6 Armour
 + Level 13.3 Dodging
 + Level 12.6 Stealth
 + Level 12.6 Shields
 + Level 14.1 Unarmed Combat
 + Level 13.5 Spellcasting
 + Level 10.6 Conjurations
 + Level 10.6 Hexes
 + Level 10.6 Summonings
 + Level 10.6 Necromancy
 + Level 10.6 Translocations
 + Level 11.3 Transmutations
 + Level 10.6 Fire Magic
 + Level 10.6 Ice Magic
 + Level 10.6 Air Magic
 + Level 10.6 Earth Magic
 + Level 10.6 Poison Magic
 + Level 13.6 Invocations
 + Level 12.6 Evocations


You had 3 spell levels left.
You knew the following spells:

 Your Spells              Type           Power      Damage    Failure   Level
a - Beastly Appendage     Tmut           100%       N/A       1%          1
b - Summon Cactus Giant   Summ           34%        N/A       6%          6
d - Call Canine Familiar  Summ           68%        N/A       1%          3
e - Frozen Ramparts       Ice            100%       1d12      1%          3
f - Ice Form              Ice/Tmut       69%        N/A       1%          4
g - Fulminant Prism       Conj/Hex       34%        3d16      1%          4
h - Hailstorm             Conj/Ice       68%        3d14      1%          4
i - Tukima's Dance        Hex            68%        N/A       1%          3
j - Starburst             Conj/Fire      34%        6d10      6%          6
k - Summon Ice Beast      Ice/Summ       68%        N/A       1%          4
y - Spider Form           Tmut/Pois      69%        N/A       1%          3

Your spell library contained the following spells:

 Spells                   Type           Power      Damage    Failure   Level
 Apportation              Tloc           100%       N/A       1%          1
 Freeze                   Ice            100%       1d11      1%          1
 Sting                    Tmut/Pois      100%       1d8       1%          1
 Summon Small Mammal      Summ           100%       N/A       1%          1
 Call Imp                 Summ           68%        N/A       1%          2
 Ensorcelled Hibernation  Hex/Ice        100%       N/A       1%          2
 Poisonous Vapours        Pois/Air       100%       N/A       1%          2
 Scorch                   Fire           100%       2d10      1%          2
 Static Discharge         Conj/Air       68%        N/A       1%          2
 Wereblood                Tmut           70%        N/A       1%          2
 Portal Projectile        Hex/Tloc       100%       N/A       1%          3
 Summon Guardian Golem    Hex/Summ       68%        N/A       1%          3
 Anguish                  Hex/Necr       34%        N/A       1%          4
 Cause Fear               Hex            34%        N/A       1%          4
 Dispel Undead            Necr           68%        3d23      1%          4
 Flame Wave               Conj/Fire      68%        2d13      1%          4
 Iskenderun's Mystic Bla  Conj/Tloc      68%        2d14      1%          4
 Leda's Liquefaction      Hex/Erth       34%        N/A       1%          4
 Olgreb's Toxic Radiance  Pois           68%        N/A       1%          4
 Petrify                  Tmut/Erth      69%        N/A       1%          4
 Sticky Flame             Conj/Fire      68%        2d8       1%          4
 Alistair's Intoxication  Tmut/Pois      46%        N/A       1%          5
 Fireball                 Conj/Fire      34%        3d14      1%          5
 Lee's Rapid Deconstruct  Erth           34%        3d18*     1%          5
 Metabolic Englaciation   Hex/Ice        34%        N/A       1%          5
 Statue Form              Tmut/Erth      46%        N/A       5%          6
 Simulacrum               Ice/Necr       34%        N/A       6%          6
 Dragon Form              Tmut           35%        N/A       26%         7
 Enfeeble                 Hex            34%        N/A       34%         7
 Ignition                 Fire           34%        3d10      95%         8
 Dragon's Call            Summ           34%        N/A       100%        9


Dungeon Overview and Level Annotations

Branches:
Dungeon (15/15)            Temple (1/1) D:5            Lair (6/6) D:8
  Swamp (4/4) Lair:3        Snake (4/4) Lair:3        Slime (0/5) Lair:6
    Orc (2/2) D:12            Elf (1/3) Orc:2        Vaults (1/5) D:13
 Depths (0/4) D:15

Altars:
Ashenzari
Cheibriados
Dithmenos
Elyvilon
Fedhas
Gozag
Hepliaklqana
Kikubaaqudgha
Makhleb
Nemelex Xobeh
Okawaru
Qazlal
Ru
Sif Muna
Trog
Uskayaw
Vehumet
Wu Jian
Xom
Yredelemnul
Zin
The Shining One
Beogh

Shops:
D:8 (   D:9 :*   D:12 [   D:13 !   D:14 ?   Orc:2 *:=?   Snake:2 =   Snake:3 [

Annotations:
Lair:6 1 exclusion
Snake:4 Vashnia


Innate Abilities, Weirdness & Mutations

You have very sharp teeth.
Your uncanny sense of smell can sniff out nearby items.
Your experience applies equally to all skills.


Message History

The dire elephant is no longer distracted by gold.
You block the harpy's attack. The harpy completely misses you.
The lindwurm is distracted by your dazzling golden aura.
The great orb of eyes gazes at you. You resist with almost no effort.
The vault warden is distracted by your dazzling golden aura.
A lindwurm comes into view.
The harpy claws you! The harpy closely misses you.
An ironbound frostheart comes into view.
The green ugly thing stings you!
The vault warden shouts!
Casting: Starburst (dangerous; 6% risk of failure)
Confirm with . or Enter, or press ? or * to list all spells.
You don't have enough magic to cast this spell.
You catch the helpless vault warden completely off-guard!
You hit the vault warden but do no damage.
The vault warden is no longer distracted by gold.
The vault warden is heavily wounded.
The lindwurm roars!
You block the harpy's attack. The harpy claws you but does no damage.
The boulder beetle bites you!
* * * LOW HITPOINT WARNING * * *
The green ugly thing completely misses you.
Unknown command.
Unknown command.
Unknown command.
Casting: Starburst (dangerous; 6% risk of failure)
Confirm with . or Enter, or press ? or * to list all spells.
You don't have enough magic to cast this spell.
Unknown command.
Unknown command.
You barely miss the green ugly thing.
The purple ugly thing is no longer distracted by gold.
The dire elephant is no longer distracted by gold. x2
You block the harpy's attack. The harpy claws you but does no damage.
The great orb of eyes gazes at you. You resist with almost no effort.
The vault warden hits you with a +0 battleaxe!!!
You die...
Your body crumbles into a pile of gold.

.. #.........#
#####'##.........#+# #
ยง.....$...$........######
.....$ppk...k............
.....$kuYY...............
.....u$..................
......H$H......##########
######.BpYY....#
#HH@......# #.Guu.....# $
#......... #.........
#......... #........ ####


You could see 4 dire elephants, 2 vault wardens, a boulder beetle, a great orb
of eyes, 4 ugly things, an ironbound frostheart, 3 lindwurms and 4 harpies.

Vanquished Creatures
  Gastronok (D:10)
  A thorn hunter (Swamp:3)
  Agnes (Snake:4)
  4 nagarajas
  2 fenstrider witches (Swamp:4)
  An ironbound thunderhulk (Vaults:1)
  An entropy weaver (Vaults:1)
  4 bunyips
  A green death (Swamp:4)
  3 vault guards (D:13)
  The ghost of Nefuv the Blocker, a journeyman MiBe of Trog (Lair:3)
  3 salamander tyrants
  3 naga warriors
  4 boulder beetles
  3 ghost crabs
  3 anacondas
  4 ogre magi (Orc:2)
  An ironbound frostheart (Vaults:1)
  2 catoblepae
  13 hydras
  2 death knights
  3 centaur warriors
  13 two-headed ogres
  6 alligators
  10 death yaks
  6 shock serpents
  7 naga sharpshooters
  Sonja (Orc:2)
  5 nameless horrors
  4 spriggan druids
  3 swamp dragons
  A goliath frog (Swamp:3)
  2 wizards
  3 bog bodies
  Pikel (D:6)
  A necromancer (Lair:6)
  An orc sorcerer (Orc:2)
  5 ugly things
  A mana viper (Snake:1)
  A cyclops (D:14)
  An orc knight (Orc:1)
  A deep elf pyromancer (D:13)
  3 will-o-the-wisps
  2 manticores (D:14)
  5 oklob plants
  6 salamanders (Snake:2)
  8 elephants
  3 vault sentinels (Vaults:1)
  9 black mambas
  A centaur zombie (D:11)
  3 naga magi
  Joseph (D:9)
  2 guardian serpents (Snake:4)
  2 kobold demonologists
  A yaktaur (D:15)
  14 cane toads
  A torpor snail (Lair:2)
  A freezing wraith (D:14)
  An unseen horror (D:11)
  5 rime drakes
  7 komodo dragons
  2 tengu conjurers
  5 trolls
  10 slime creatures
  24 blink frogs
  3 tyrant leeches
  3 hornets
  4 dream sheep
  5 spriggans
  2 shadows (Swamp:4)
  A vampire (D:9)
  Sigmund (D:2)
  29 yaks
  2 wraiths
  2 wyverns
  Grum (D:8)
  A dire elephant simulacrum (Lair:6)
  A basilisk (Lair:1)
  2 steam dragons (D:9)
  2 redbacks (Vaults:1)
  6 vampire mosquitoes
  15 nagas
  2 acid dragons (D:9)
  A spectral cane toad (Lair:6)
  7 swamp worms
  11 water moccasins
  Duvessa (D:7)
  11 orc warriors
  2 black bears (D:5)
  A necrophage (D:7)
  27 ogres
  9 wolves
  A phantom (D:5)
  7 centaurs
  4 lemures (D:6)
  6 kobold brigands
  11 bullfrogs
  A scorpion (D:5)
  A gnoll sergeant (D:9)
  A cane toad simulacrum (Lair:6)
  2 wyvern skeletons
  Dowan (D:7)
  18 killer bees
  7 wights
  A howler monkey (D:9)
  4 jellies
  A centaur skeleton (D:4)
  4 hounds
  10 orc priests
  A bullfrog skeleton (D:6)
  Ijyb (D:5)
  2 iguanas (D:4)
  4 hell rats (Lair:6)
  16 orc wizards
  Robin (D:2)
  8 gnolls
  3 adders
  3 river rats (Lair:6)
  2 white imps
  An ufetubus (D:4)
  An adder skeleton (D:4)
  2 dart slugs
  2 worms
  56 orcs
  5 endoplasms
  A giant cockroach (D:3)
  18 goblins
  6 hobgoblins
  4 jackals (D:4)
  17 kobolds
  5 quokkas
  3 ball pythons
  6 bats
  A frilled lizard (D:1)
  6 rats
  A fulminant prism (D:12)
658 creatures vanquished.

Vanquished Creatures (collateral kills)
  Rupert (D:12)
  2 tentacled monstrosities
  A fenstrider witch (Swamp:4)
  2 nagarajas
  Aizul (Swamp:3)
  A very ugly thing (Swamp:4)
  A stone giant (D:15)
  3 eleionomae
  2 bunyips
  A green death (Swamp:4)
  A salamander tyrant (Snake:4)
  A vault guard (D:13)
  7 hydras
  3 centaur warriors
  2 naga warriors
  4 two-headed ogres
  4 anacondas
  5 alligators
  A tengu warrior (D:14)
  3 shock serpents
  4 naga sharpshooters
  A thrashing horror (Swamp:4)
  2 salamander mystics (Snake:2)
  A skeletal warrior (D:14)
  4 swamp dragons
  3 goliath frogs (Swamp:1)
  2 bog bodies
  A deep troll (shapeshifter) (D:13)
  A flayed ghost (D:15)
  A spriggan druid (Swamp:4)
  2 naga ritualists
  An orc knight (D:14)
  A deep elf zephyrmancer (D:15)
  A necromancer (Lair:6)
  4 mana vipers
  An oklob plant (Lair:1)
  2 deep elf pyromancers
  3 will-o-the-wisps
  21 ugly things
  A manticore (D:14)
  4 cyclopes
  10 black mambas
  A guardian serpent (shapeshifter) (D:14)
  3 guardian serpents
  4 elephants
  A vault sentinel (Vaults:1)
  3 naga magi
  An orange demon (Swamp:4)
  3 gargoyles
  A yaktaur (D:14)
  A rime drake (Lair:6)
  A komodo dragon (D:13)
  3 tyrant leeches
  A polar bear (Lair:5)
  A wolf spider simulacrum (D:15)
  3 hornets
  A blink frog (shapeshifter) (D:14)
  8 slime creatures
  2 dream sheep (Lair:5)
  2 spriggans (Swamp:2)
  A shadow (Swamp:4)
  A yak (Lair:6)
  2 yaks (shapeshifter)
  7 humans (D:13)
  A large abomination (Swamp:4)
  A death yak simulacrum (Lair:6)
  10 swamp worms
  9 nagas
  An orc warrior (Orc:2)
  3 swamp drakes
  9 ogres (Orc:2)
  An elephant skeleton (Lair:6)
  A boggart (D:14)
  A cane toad simulacrum (Lair:6)
  A small abomination (Swamp:4)
  A howler monkey (D:13)
  A wight (D:7)
  21 nameless horrors
  4 orc priests
  2 hell rats (Lair:6)
  3 orc wizards
  A white imp (D:5)
  6 orcs
245 creatures vanquished.

Vanquished Creatures (others)
  A very ugly thing (Swamp:4)
  2 dancing weapons
  An ugly thing (Swamp:4)
  A freezing wraith (D:14)
  A bloated husk (Swamp:3)
  A human (D:13)
  A nameless horror (Swamp:1)
  2 bushes (Lair:6)
  25 foxfires
  120 fulminant prisms
  38 fungi
  181 plants
  8 toadstools (Lair:1)
  19 withered plants (Lair:6)
401 creatures vanquished.

Grand Total: 1304 creatures vanquished

Notes
Turn   | Place    | Note
-------+----------+-------------------------------------------
     0 | D:1      | PBDoughboyy the Gnoll Transmuter began the quest for the
                  | Orb.
     0 | D:1      | Reached XP level 1. HP: 17/17 MP: 6/6
   280 | D:1      | Reached XP level 2. HP: 21/23 MP: 7/7
   285 | D:1      | Learned a level 2 spell: Wereblood
   655 | D:2      | Noticed Sigmund
   685 | D:2      | Reached skill level 5 in Spellcasting
   685 | D:2      | Reached XP level 3. HP: 7/28 MP: 4/9
   687 | D:2      | Reached skill level 1 in Invocations
   702 | D:2      | HP: 1/28 [gnoll (6)]
  1018 | D:1      | Learned a level 3 spell: Spider Form
  1050 | D:2      | Identified the +6 dagger "Suetush" {antimagic, Will++ Str+6
                  | Stlth-}
  1098 | D:2      | Identified the +0 pair of gloves of Omission {Int+9}
  1117 | D:2      | Reached skill level 1 in Short Blades
  1117 | D:2      | Reached skill level 1 in Long Blades
  1117 | D:2      | Reached skill level 1 in Axes
  1117 | D:2      | Reached skill level 1 in Maces & Flails
  1117 | D:2      | Reached skill level 1 in Polearms
  1117 | D:2      | Reached skill level 1 in Staves
  1117 | D:2      | Reached skill level 1 in Slings
  1117 | D:2      | Reached skill level 1 in Bows
  1117 | D:2      | Reached skill level 1 in Crossbows
  1117 | D:2      | Reached skill level 1 in Throwing
  1117 | D:2      | Reached skill level 1 in Armour
  1117 | D:2      | Reached skill level 1 in Stealth
  1117 | D:2      | Reached skill level 1 in Shields
  1117 | D:2      | Reached skill level 1 in Evocations
  1120 | D:2      | Noticed Robin
  1374 | D:2      | Reached XP level 4. HP: 32/34 MP: 7/11
  1544 | D:2      | Killed Robin
  1632 | D:2      | Reached skill level 1 in Conjurations
  1632 | D:2      | Reached skill level 1 in Hexes
  1632 | D:2      | Reached skill level 1 in Summonings
  1632 | D:2      | Reached skill level 1 in Necromancy
  1632 | D:2      | Reached skill level 1 in Translocations
  1632 | D:2      | Reached skill level 1 in Fire Magic
  1632 | D:2      | Reached skill level 1 in Ice Magic
  1632 | D:2      | Reached skill level 1 in Air Magic
  1632 | D:2      | Reached skill level 1 in Earth Magic
  1632 | D:2      | Reached skill level 1 in Poison Magic
  2084 | D:2      | Reached XP level 5. HP: 37/40 MP: 12/12
  2197 | D:2      | Killed Sigmund
  2198 | D:2      | Reached XP level 6. HP: 21/47 MP: 10/14
  2473 | D:3      | Reached skill level 5 in Dodging
  3825 | D:4      | Reached XP level 7. HP: 49/52 MP: 15/15
  3830 | D:4      | Reached skill level 7 in Unarmed Combat
  4113 | D:4      | Learned a level 3 spell: Frozen Ramparts
  4680 | D:5      | Entered Level 5 of the Dungeon
  4854 | D:5      | Learned a level 4 spell: Ice Form
  4861 | D:5      | Reached XP level 8. HP: 60/60 MP: 12/16
  5140 | D:5      | Learned a level 3 spell: Call Canine Familiar
  5238 | D:5      | Noticed Ijyb
  5248 | D:5      | Killed Ijyb
  5700 | D:5      | Found a staircase to the Ecumenical Temple.
  5713 | Temple   | Entered the Ecumenical Temple
  5719 | Temple   | Became a worshipper of Gozag Ym Sagoz the Greedy
  6635 | D:6      | Reached skill level 5 in Transmutations
  6635 | D:6      | Reached XP level 9. HP: 51/66 MP: 8/18
  7016 | D:6      | Noticed Pikel
  7048 | D:6      | Killed Pikel
  7049 | D:6      | Reached skill level 5 in Fighting
  7119 | D:7      | Noticed Duvessa
  7119 | D:7      | Noticed Dowan
  7138 | D:7      | Killed Duvessa
  7140 | D:7      | Killed Dowan
  7311 | D:7      | Reached skill level 8 in Unarmed Combat
  7465 | D:7      | Learned a level 4 spell: Fulminant Prism
  7548 | D:7      | Reached skill level 5 in Invocations
  7999 | D:8      | Noticed a two-headed ogre
  8072 | D:8      | Killed a two-headed ogre
  8073 | D:8      | Reached skill level 5 in Short Blades
  8073 | D:8      | Reached skill level 5 in Long Blades
  8073 | D:8      | Reached skill level 5 in Axes
  8073 | D:8      | Reached skill level 5 in Maces & Flails
  8073 | D:8      | Reached skill level 5 in Polearms
  8073 | D:8      | Reached skill level 5 in Staves
  8073 | D:8      | Reached skill level 5 in Slings
  8073 | D:8      | Reached skill level 5 in Bows
  8073 | D:8      | Reached skill level 5 in Crossbows
  8073 | D:8      | Reached skill level 5 in Throwing
  8073 | D:8      | Reached skill level 5 in Armour
  8073 | D:8      | Reached skill level 5 in Stealth
  8073 | D:8      | Reached skill level 5 in Shields
  8073 | D:8      | Reached skill level 5 in Evocations
  8073 | D:8      | Reached XP level 10. HP: 61/76 MP: 15/20
  8410 | D:8      | Found a stormy altar of Qazlal.
  8420 | D:8      | Found a shimmering altar of Xom.
  8421 | D:8      | Found a snail-covered altar of Cheibriados.
  8421 | D:8      | Found a shadowy altar of Dithmenos.
  8422 | D:8      | Found a sacrificial altar of Ru.
  8423 | D:8      | Found an iron altar of Okawaru.
  8548 | D:8      | Noticed a kobold demonologist
  8555 | D:8      | Killed a kobold demonologist
  8606 | D:8      | Found Kaitonko's Antique Weapon Emporium.
  9184 | D:8      | Noticed Grum
  9194 | D:8      | Killed Grum
  9525 | D:8      | Found a staircase to the Lair.
  9829 | Lair:1   | Entered Level 1 of the Lair of Beasts
  9877 | D:9      | Learned a level 4 spell: Hailstorm
 10025 | D:9      | Noticed a two-headed ogre
 10028 | D:9      | HP: 4/92 [vampire (2)]
 10398 | D:9      | Noticed a kobold demonologist
 10408 | D:9      | Killed a kobold demonologist
 10409 | D:9      | Reached XP level 11. HP: 83/83 MP: 17/22
 10545 | D:9      | Found Wilaus's Book Shop.
 10563 | D:9      | Reached skill level 9 in Unarmed Combat
 10570 | D:9      | Noticed Joseph
 10699 | D:9      | Killed a two-headed ogre
 10700 | D:9      | Reached skill level 5 in Conjurations
 10700 | D:9      | Reached skill level 5 in Hexes
 10700 | D:9      | Reached skill level 5 in Summonings
 10700 | D:9      | Reached skill level 5 in Necromancy
 10700 | D:9      | Reached skill level 5 in Translocations
 10700 | D:9      | Reached skill level 5 in Fire Magic
 10700 | D:9      | Reached skill level 5 in Ice Magic
 10700 | D:9      | Reached skill level 5 in Air Magic
 10700 | D:9      | Reached skill level 5 in Earth Magic
 10700 | D:9      | Reached skill level 5 in Poison Magic
 10881 | D:9      | Found Zujim's Changing Room.
 10953 | D:9      | Noticed a centaur warrior
 10965 | D:9      | Killed a centaur warrior
 10972 | D:9      | Killed Joseph
 11587 | D:10     | Entered Level 10 of the Dungeon
 12014 | D:10     | Noticed Gastronok
 12368 | D:10     | Killed Gastronok
 12908 | D:11     | Noticed a two-headed ogre
 12919 | D:11     | Killed a two-headed ogre
 13882 | D:12     | Noticed a two-headed ogre
 13945 | D:12     | Found Ydoblaoh's Armour Shoppe.
 13949 | D:12     | Bought the +1 cloak of Starlight {*Dazzle EV+4 Stlth--} for
                  | 366 gold pieces
 13949 | D:12     | Found the +1 cloak of Starlight {*Dazzle EV+4 Stlth--}
 14111 | D:12     | Reached XP level 12. HP: 91/91 MP: 17/24
 14167 | D:12     | Found a staircase to the Orcish Mines.
 14178 | D:12     | Noticed a death knight
 14233 | D:12     | Killed a death knight
 14501 | Orc:1    | Entered Level 1 of the Orcish Mines
 15254 | D:12     | Noticed Rupert
 15520 | Lair:1   | Found a blossoming altar of Fedhas.
 16511 | Lair:1   | Reached skill level 10 in Unarmed Combat
 16572 | Lair:1   | Identified the +1 plate armour of Plog {rElec rPois Will++
                  | rCorr}
 16578 | Lair:1   | Learned a level 4 spell: Olgreb's Toxic Radiance
 17145 | Lair:2   | Found a shimmering altar of Xom.
 17679 | Lair:2   | Reached XP level 13. HP: 98/98 MP: 19/26
 17754 | Lair:2   | Found a hazy altar of Hepliaklqana.
 18455 | Lair:3   | Found a staircase to the Swamp.
 18652 | Lair:3   | You fall into a shaft and drop 1 floor!
 18927 | Lair:3   | Found a staircase to the Snake Pit.
 19155 | Lair:3   | Found a runed translucent door.
 19156 | Lair:3   | Noticed Nefuv's ghost (journeyman MiBe)
 19166 | Lair:3   | Killed Nefuv's ghost
 19621 | Lair:4   | Identified the ring of Uhauhal {Fly rF+ rCorr}
 20855 | Lair:5   | Reached skill level 10 in Spellcasting
 21955 | Lair:5   | Reached skill level 10 in Dodging
 21955 | Lair:5   | Reached skill level 11 in Unarmed Combat
 21976 | Lair:6   | Entered Level 6 of the Lair of Beasts
 21978 | Lair:6   | Identified the +7 dagger of Sacetuih {speed, rC+ Will++
                  | SInv Stlth-}
 21991 | Lair:6   | Reached XP level 14. HP: 100/108 MP: 28/28
 23762 | Lair:6   | Noticed a dire elephant
 23762 | Lair:6   | Noticed a dire elephant
 23762 | Lair:6   | Noticed a dire elephant
 23944 | Lair:6   | Reached skill level 10 in Invocations
 24291 | Lair:6   | Got the Collected Works on Supportive Snow
 24742 | Lair:6   | Found a staircase to the Slime Pits.
 25000 | Lair:5   | Learned a level 6 spell: Starburst
 26142 | Orc:2    | Entered Level 2 of the Orcish Mines
 26514 | Orc:2    | Reached skill level 10 in Fighting
 26628 | Orc:2    | Reached XP level 15. HP: 115/115 MP: 13/29
 26887 | Orc:2    | Found Peckooth's Book Shop.
 26887 | Orc:2    | Found Nasurea's Magic Scroll Shoppe.
 26887 | Orc:2    | Found Cigiukoi's Assorted Antiques.
 26887 | Orc:2    | Found Afiudui's Jewellery Shop.
 26904 | Orc:2    | Bought a scroll of teleportation for 42 gold pieces
 26904 | Orc:2    | Bought a scroll of amnesia for 49 gold pieces
 26904 | Orc:2    | Bought a scroll of identify for 28 gold pieces
 26904 | Orc:2    | Bought a scroll of identify for 28 gold pieces
 26904 | Orc:2    | Bought a scroll of enchant armour for 105 gold pieces
 26904 | Orc:2    | Bought a scroll of identify for 28 gold pieces
 26904 | Orc:2    | Bought a scroll of fear for 49 gold pieces
 26911 | Orc:2    | Bought the +5 robe of Night {Dark Will+ SInv} for 1680 gold
                  | pieces
 26911 | Orc:2    | Found the +5 robe of Night {Dark Will+ SInv}
 27211 | Orc:2    | Found a staircase to the Elven Halls.
 27539 | Orc:2    | Noticed Sonja
 27563 | Orc:2    | Killed Sonja
 27564 | Orc:2    | Reached skill level 10 in Short Blades
 27564 | Orc:2    | Reached skill level 10 in Long Blades
 27564 | Orc:2    | Reached skill level 10 in Axes
 27564 | Orc:2    | Reached skill level 10 in Maces & Flails
 27564 | Orc:2    | Reached skill level 10 in Polearms
 27564 | Orc:2    | Reached skill level 10 in Staves
 27564 | Orc:2    | Reached skill level 10 in Slings
 27564 | Orc:2    | Reached skill level 10 in Bows
 27564 | Orc:2    | Reached skill level 10 in Crossbows
 27564 | Orc:2    | Reached skill level 10 in Throwing
 27564 | Orc:2    | Reached skill level 10 in Armour
 27564 | Orc:2    | Reached skill level 10 in Stealth
 27564 | Orc:2    | Reached skill level 10 in Shields
 27564 | Orc:2    | Reached skill level 10 in Evocations
 27861 | Elf:1    | Entered Level 1 of the Elven Halls
 28752 | Snake:1  | Entered Level 1 of the Snake Pit
 30181 | Snake:1  | Reached skill level 12 in Unarmed Combat
 30554 | Snake:1  | Learned a level 6 spell: Summon Cactus Giant
 32611 | Snake:2  | You are sucked into a shaft and drop 1 floor!
 32774 | Snake:3  | Found Qyublahoib's Armour Boutique.
 32824 | Snake:2  | Found Lirrob's Jewellery Boutique.
 32847 | Snake:2  | Bought a ring of poison resistance for 300 gold pieces
 32851 | Snake:2  | Learned a level 3 spell: Tukima's Dance
 32869 | Snake:2  | Noticed a nagaraja
 32880 | Snake:2  | Killed a nagaraja
 33632 | Snake:2  | Reached XP level 16. HP: 46/124 MP: 20/31
 34292 | Snake:4  | Entered Level 4 of the Snake Pit
 34292 | Snake:4  | Noticed Vashnia
 34292 | Snake:4  | Found a blossoming altar of Fedhas.
 34466 | Snake:3  | Noticed a nagaraja
 34472 | Snake:3  | Killed a nagaraja
 35756 | Snake:4  | Noticed a nagaraja
 35756 | Snake:4  | Noticed a nagaraja
 35765 | Snake:4  | Killed a nagaraja
 35774 | Snake:4  | Killed a nagaraja
 36075 | Snake:4  | Reached skill level 10 in Transmutations
 36360 | Snake:4  | Noticed Agnes
 36369 | Snake:4  | Killed Agnes
 37229 | Snake:4  | Got a serpentine rune of Zot
 37294 | Snake:4  | Noticed a nagaraja
 37310 | Snake:4  | Killed a nagaraja
 37483 | Snake:4  | Noticed a nagaraja
 37559 | Snake:4  | Killed a nagaraja
 37963 | Snake:4  | Noticed a quicksilver dragon
 38137 | Swamp:1  | Entered Level 1 of the Swamp
 40791 | Swamp:2  | Reached skill level 13 in Unarmed Combat
 41117 | Swamp:2  | Reached XP level 17. HP: 127/132 MP: 30/33
 41222 | Swamp:2  | Noticed a tentacled monstrosity
 41246 | Swamp:2  | Killed a tentacled monstrosity
 42576 | Swamp:3  | Learned a level 4 spell: Summon Ice Beast
 43423 | Swamp:4  | Entered Level 4 of the Swamp
 43425 | Swamp:4  | Noticed Aizul
 43821 | Swamp:3  | HP: 6/133 [Aizul/poison arrow (26)]
 43829 | Swamp:3  | Killed Aizul
 44707 | Swamp:4  | Reached skill level 10 in Conjurations
 44707 | Swamp:4  | Reached skill level 10 in Hexes
 44707 | Swamp:4  | Reached skill level 10 in Summonings
 44707 | Swamp:4  | Reached skill level 10 in Necromancy
 44707 | Swamp:4  | Reached skill level 10 in Translocations
 44707 | Swamp:4  | Reached skill level 10 in Fire Magic
 44707 | Swamp:4  | Reached skill level 10 in Ice Magic
 44707 | Swamp:4  | Reached skill level 10 in Air Magic
 44707 | Swamp:4  | Reached skill level 10 in Earth Magic
 44707 | Swamp:4  | Reached skill level 10 in Poison Magic
 44729 | Swamp:4  | Found a runed translucent door.
 45311 | Swamp:4  | Noticed a tentacled monstrosity
 45566 | Swamp:4  | Killed a tentacled monstrosity
 45700 | Swamp:4  | Got a decaying rune of Zot
 46533 | D:12     | Killed Rupert
 46817 | D:13     | Reached XP level 18. HP: 141/141 MP: 28/35
 46950 | D:13     | Found Efant's Distillery.
 46962 | D:13     | Bought a potion of heal wounds for 65 gold pieces
 46962 | D:13     | Bought a potion of curing for 39 gold pieces
 46962 | D:13     | Bought a potion of brilliance for 52 gold pieces
 48068 | D:13     | Found a gate to the Vaults.
 48483 | D:14     | Found Naedgh's Magic Scroll Shop.
 48489 | D:14     | Bought a scroll of magic mapping for 56 gold pieces
 49253 | D:14     | Identified a scroll of acquirement
 49262 | D:14     | Acquired 797 gold pieces
 50167 | D:15     | Entered Level 15 of the Dungeon
 50571 | D:15     | Found a staircase to the Depths.
 50815 | D:15     | Reached skill level 14 in Unarmed Combat
 51897 | Vaults:1 | Entered Level 1 of the Vaults
 52010 | Vaults:1 | Mangled by a vault warden

Illustrated notes

Levels and vault maps discovered:
D:1:      eino_arrival_water_star, layout_rooms, st_stairs_1
D:2:      layout_rooms, minmay_misc_feat_x, minmay_pentomino_s4, uniq_robin,
          uniq_sigmund
D:3:      layout_loops_ring
D:4:      layout_loops_cross, minmay_a_box_with_orc_wizards_in_it
D:5:      layout_gridville, temple_green, hangedman_abyss_or_decor_passed,
          uniq_ijyb
D:6:      layout_rooms, uniq_pikel
D:7:      layout_gridville, grunt_ministairs_8, uniq_duvessa
D:8:      layout_gridville, minitemple, david_lair_shrubbed, serial_shops,
          nicolae_shop_statue_plus, nicolae_benzene_ring, uniq_grum
D:9:      layout_rooms, serial_shops, shop, nicolae_transmutations_shop,
          minmay_alternating_orb, uniq_joseph
D:10:     layout_cave_pools, roderic_cross_of_infinity, uniq_gastronok
D:11:     layout_layer_cave
D:12:     layout_long_grid, david_orc_5, serial_shops,
          nicolae_shop_hallway_stairs, minmay_splitting_lines, uniq_rupert
D:13:     layout_irregular_city, ximxim_vaults_locker_room, serial_shops,
          shop_statue
D:14:     minmay_isolated_rectangles_in_corner, layout_basic,
          infiniplex_staircase_pillars_3a, serial_shops,
          nicolae_shop_temple_entry_statues_fountains, lemuel_flamethrower_2
D:15:     grunt_enter_depths_giant_problem, layout_small_grid, abandoned_shop,
          kb_rosetta
Temple:   eino_temple_rhombus
Lair:1:   minmay_lair_oklob_tunnel, layout_loops_ring, serial_bayou_pond_d,
          tgw_fedhas
Lair:2:   layout_chaotic_city, basic_altar, st_stairs_13, lemuel_oklob_altar
Lair:3:   layout_misc_corridors, skrybe_swamp_entry_bodies,
          guppyfry_snake_entry_island, ebering_ghost_reflecting_pool
Lair:4:   layout_long_grid
Lair:5:   layout_loops_ring
Lair:6:   due_jungle_book, layout_cellular_growth, minmay_slime_entry_pillars,
          wad_woods_06, serial_bayou_pond_c, serial_bayou_pond_a,
          kennysheep_abandoned_house
Swamp:1:  layout_falls_marsh, evilmike_swamp_ruin_house_5,
          infiniplex_staircase_pool
Swamp:2:  layout_basic_swamp, evilmike_swamp_ruin_rubble_2
Swamp:3:  layout_basic_swamp, evilmike_swamp_ruin_house_4
Swamp:4:  swamp_vile, layout_basic_swamp, swamp_pool1,
          nzn_swamp_weyward_sisters, uniq_aizul
Snake:1:  layout_honeycomb
Snake:2:  layout_layer_cave, serial_shops, shop, nrook_guardian_serpent_double
Snake:3:  layout_misc_corridors, serial_shops, nicolae_shop_hallway_stairs
Snake:4:  hellmonk_snake_rune_quicksilver_temple, layout_cave_town, basic_altar,
          serial_bayou_ford_a, nicolae_snake_gridmaze_waves, minmay_shop_grove,
          uniq_agnes, uniq_vashnia
Orc:1:    layout_caves, basic_altar
Orc:2:    st_orc_ogre_mass, layout_diamond_mine, uniq_sonja
Elf:1:    eino_elf_arrival_altar, layout_loops_cross, ebering_ghost_xom,
          grunt_ministairs_5, nicolae_elf_deep_mausoleum
Vaults:1: nicolae_vaults_network_square, ontoclasm_vaults_shout,
          hangedman_vaults_corner_blocks, nicolae_vaults_specimen_jars,
          ontoclasm_vaults_ring_small, nicolae_vaults_mini_display_case,
          nicolae_vaults_little_squares_1, ontoclasm_vaults_hangar,
          layout_vaults_omnigrid

Skill      XL: |  1  2  3  4  5  6  7  8  9 10 11 12 13 14 15 16 17 18 |
---------------+-------------------------------------------------------+-----
Spellcasting   | 5 6 7 8 9 10 11 12 13 | 13.5
Invocations    | 1 2 3 4 5 6 7 8 9 10 11 12 13 | 13.6
Short Blades   | 1 2 3 5 6 7 8 9 10 11 12 | 12.6
Long Blades    | 1 2 3 5 6 7 8 9 10 11 12 | 12.6
Axes           | 1 2 3 5 6 7 8 9 10 11 12 | 12.6
Maces & Flails | 1 2 3 5 6 7 8 9 10 11 12 | 12.6
Polearms       | 1 2 3 5 6 7 8 9 10 11 12 | 12.6
Staves         | 1 2 3 5 6 7 8 9 10 11 12 | 12.6
Slings         | 1 2 3 5 6 7 8 9 10 11 12 | 12.6
Bows           | 1 2 3 5 6 7 8 9 10 11 12 | 12.6
Crossbows      | 1 2 3 5 6 7 8 9 10 11 12 | 12.6
Throwing       | 1 2 3 5 6 7 8 9 10 11 12 | 12.6
Armour         | 1 2 3 5 6 7 8 9 10 11 12 | 12.6
Stealth        | 1 2 3 5 6 7 8 9 10 11 12 | 12.6
Shields        | 1 2 3 5 6 7 8 9 10 11 12 | 12.6
Evocations     | 1 2 3 5 6 7 8 9 10 11 12 | 12.6
Conjurations   | 1 2 3 4 5 6 7 8 9 10 | 10.6
Hexes          | 1 2 3 4 5 6 7 8 9 10 | 10.6
Summonings     | 1 2 3 4 5 6 7 8 9 10 | 10.6
Necromancy     | 1 2 3 4 5 6 7 8 9 10 | 10.6
Translocations | 1 2 3 4 5 6 7 8 9 10 | 10.6
Fire Magic     | 1 2 3 4 5 6 7 8 9 10 | 10.6
Ice Magic      | 1 2 3 4 5 6 7 8 9 10 | 10.6
Air Magic      | 1 2 3 4 5 6 7 8 9 10 | 10.6
Earth Magic    | 1 2 3 4 5 6 7 8 9 10 | 10.6
Poison Magic   | 1 2 3 4 5 6 7 8 9 10 | 10.6
Fighting       | 3 4 5 6 7 8 9 10 11 12 | 12.8
Transmutations | 4 5 6 7 8 9 10 11 | 11.3
Dodging        | 5 6 7 8 9 10 11 12 13 | 13.3
Unarmed Combat | 7 8 9 10 11 12 13 14 | 14.1

Action                   |  1- 3 |  4- 6 |  7- 9 | 10-12 | 13-15 | 16-18 || total
-------------------------+-------+-------+-------+-------+-------+-------++-------
Melee: Whip              |    52 |       |       |       |       |       ||    52
       Headbutt          |     8 |     4 |     6 |       |       |       ||    18
       Kick              |    12 |    14 |     9 |       |       |       ||    35
       Bite              |     9 |    10 |     9 |    27 |    99 |   106 ||   260
       Unarmed           |     2 |    17 |   101 |    90 |    79 |     3 ||   292
       Punch             |     2 |     1 |     3 |    20 |    53 |    17 ||    96
       Dagger            |    17 |       |       |       |   137 |    44 ||   198
       Spear             |       |   102 |   120 |   258 |   522 |   809 ||  1811
Throw: Dart              |       |    20 |    20 |    47 |   153 |    62 ||   302
       Boomerang         |       |       |     1 |       |       |    20 ||    21
       Throwing net      |       |       |       |       |       |     5 ||     5
 Cast: Beastly Appendage |    12 |    10 |     6 |       |       |       ||    28
       Wereblood         |     4 |       |     2 |       |     1 |       ||     7
       Spider Form       |     1 |     3 |     4 |     2 |     7 |     1 ||    18
       Frozen Ramparts   |       |       |    23 |    58 |   117 |    37 ||   235
       Ice Form          |       |       |    16 |    25 |    15 |       ||    56
       Call Canine Famil |       |       |    16 |    15 |    80 |   183 ||   294
       Fulminant Prism   |       |       |     5 |    48 |    49 |    19 ||   121
       Olgreb's Toxic Ra |       |       |       |     7 |    12 |       ||    19
       Hailstorm         |       |       |       |       |    11 |    14 ||    25
       Starburst         |       |       |       |       |    10 |    76 ||    86
       Summon Cactus Gia |       |       |       |       |    63 |   247 ||   310
       Tukima's Dance    |       |       |       |       |       |     6 ||     6
       Summon Ice Beast  |       |       |       |       |       |   128 ||   128
Invok: Potion Petition   |       |       |       |       |       |     1 ||     1
Evoke: Wand              |       |       |     1 |     7 |       |     4 ||    12
       Phantom mirror    |       |       |       |       |       |     1 ||     1
       Condenser vane    |       |       |       |       |       |     1 ||     1
  Use: Scroll            |       |       |       |    18 |    16 |    12 ||    46
       Potion            |       |       |       |     4 |       |     3 ||     7
 Stab: Sleeping          |       |     9 |     5 |     5 |     7 |    15 ||    41
       Distracted        |       |       |     3 |     4 |    14 |    26 ||    47
       Invisible         |       |       |       |     4 |    11 |    33 ||    48
       Petrified         |       |       |       |       |       |     1 ||     1
Armor: Robe              |    18 |    19 |    16 |    25 |    29 |   155 ||   262
       Skin              |       |     1 |    22 |    44 |    16 |       ||    83
       Ring mail         |       |       |       |       |    45 |       ||    45
Dodge: Dodged            |    67 |    53 |   138 |   161 |   344 |   480 ||  1243
Block: Buckler           |       |       |       |       |       |   117 ||   117
